Map: Orbital Shipyard

Players

SticklerMac

  • Race: Zerg Zerg
  • League: Silver

Nofur - Winner!

  • Race: Zerg Zerg
  • League: Silver

VOD

https://www.youtube.com/watch?v=jiyYIV4spuQ

Description

Time

  • Played on: Oct. 22, 2015, 1:36 p.m.
  • Length: 8:39
Show
View Real Time Build Order
Export as new Build Order

SticklerMac Zerg 

Build Orders: Hatch First 

Get SALT Encoding   

  12  0:01  Drone  
  13  0:13  Overlord  
  13  0:17  Drone  
  14  0:31  Drone x2  
  16  0:38  Drone  
  17  0:54  Hatchery  
  17  0:57  Drone  
  17  1:01  Drone  
  17  1:02  Extractor  
  17  1:15  Spawning Pool  
  16  1:20  Drone  
  16  1:24  Drone  
  18  1:30  Drone  
  19  1:44  Drone  
  20  1:54  Overlord  
  20  2:02  Metabolic Boost  
  20  2:03  Queen  
  20  2:06  Queen  
  24  2:09  Drone  
  24  2:12  Zergling x2  
  24  2:15  Zergling x2  
  27  2:19  Zergling x2  
  27  2:22  Zergling x2  
  29  2:28  Drone  
  30  2:38  Zergling x2  
  31  2:44  Baneling Nest  
  31  2:47  Drone x2  
  32  2:55  Overlord  
  32  2:57  Overlord  
  32  3:01  Drone  
  32  3:05  Drone  
  34  3:15  Overlord  
  34  3:19  Roach Warren  
  33  3:22  Lair  
  33  3:25  Drone  
  34  3:27  Drone  
  35  3:35  Drone x3  
  38  3:41  Drone x2  
  38  3:42  Drone  
  41  4:06  Drone x3  
  41  4:07  Drone x3  
  41  4:08  Drone x2  
  49  4:12  Extractor  
  47  4:24  Roach x2  
  47  4:27  Glial Reconstitution  
  51  4:33  Drone, Overlord, Extractor  
  51  4:35  Hatchery  
  50  4:39  Overlord  
  50  4:40  Drone  
  51  4:56  Drone x2  
  53  5:02  Roach x4  
  53  5:06  Roach  
  63  5:07  Queen  
  63  5:08  Roach  
  67  5:23  Overlord x3  
  67  5:50  Queen  
  67  5:55  Pneumatized Carapace  
  67  5:56  Overseer  
  69  5:58  Ravager x5  
  74  6:10  Roach  
  74  6:11  Roach x3  
  82  6:29  Drone  
  82  6:30  Drone x14  
  97  6:48  Infestation Pit  
  96  7:06  Overlord x3  
  96  7:07  Overlord x4  
  96  7:15  Zergling x10  
  91  7:16  Zergling x6  
  91  7:17  Zergling x2  
  91  7:18  Zergling x2  
  98  7:26  Overlord  
  96  7:36  Roach  
  86  7:37  Roach x5  
  86  7:41  Roach  
  86  7:42  Roach  
  82  7:48  Roach  
  77  7:54  Roach  
  77  7:55  Roach x2  
  68  8:02  Roach x4  
  72  8:08  Roach  
  72  8:10  Zergling x2  
  75  8:17  Roach  
Show
View Real Time Build Order
Export as new Build Order

Nofur Zerg - Winner!

Build Orders: Hatch First 

Get SALT Encoding   

  12  0:01  Drone  
  13  0:09  Drone  
  14  0:23  Drone, Extractor  
  14  0:24  Extractor  
  14  0:25  Drone  
  16  0:44  Hatchery  
  15  0:51  Extractor  
  15  0:57  Drone, Extractor  
  15  1:06  Spawning Pool  
  14  1:20  Overlord  
  14  1:38  Drone x2  
  14  1:39  Drone  
  17  1:50  Drone  
  18  2:05  Queen  
  20  2:14  Drone  
  20  2:15  Drone  
  22  2:26  Queen  
  22  2:29  Drone x4  
  27  2:38  Spine Crawler  
  27  2:39  Zergling x2  
  27  3:02  Drone  
  28  3:06  Overlord  
  28  3:26  Overlord  
  28  3:30  Roach Warren  
  27  3:37  Evolution Chamber  
  27  3:38  Evolution Chamber  
  25  3:49  Drone x4  
  25  3:50  Drone x5  
  25  3:55  Extractor  
  33  3:59  Queen  
  35  4:14  Zerg Missile Weapons Level 1, Zerg Ground Armor Level 1  
  35  4:15  Roach x3  
  41  4:18  Roach  
  43  4:24  Drone  
  43  4:27  Extractor  
  43  4:29  Extractor  
  42  4:39  Drone x2  
  42  4:40  Overlord x2  
  44  4:58  Overlord  
  44  5:00  Drone  
  44  5:01  Drone x5  
  50  5:07  Drone  
  50  5:10  Roach  
  50  5:12  Ravager x4  
  57  5:14  Overlord  
  57  5:15  Roach  
  57  5:16  Roach  
  57  5:19  Roach  
  63  5:22  Roach  
  63  5:26  Drone  
  63  5:27  Drone  
  67  5:31  Drone  
  67  5:33  Roach  
  70  5:37  Roach  
  70  5:40  Roach  
  74  5:43  Roach  
  74  5:46  Overlord  
  76  5:55  Overlord  
  76  6:05  Ravager x2  
  76  6:06  Roach x2  
  76  6:07  Overlord, Roach  
  84  6:14  Roach x4  
  92  6:26  Overlord x2  
  92  6:29  Overlord  
  92  6:46  Roach x4  
  100  6:50  Roach  
  100  6:51  Roach  
  100  6:53  Hatchery  
  103  6:56  Lair  
  103  7:01  Drone x3  
  106  7:18  Roach x3  
  106  7:19  Roach x2  
  113  7:42  Roach x5  
  111  7:54  Roach x2  
  111  7:56  Overlord x2  
  115  8:09  Ravager x3  
  115  8:11  Roach x2  
  122  8:13  Overlord  
Tags
 
Add a new tag
Caveats
  • Supply blocks, unpowered buildings, or Contaminate may cause inaccurate times.
  • Supply counts are checked every 10 seconds.